 Dungeon Crawl Stone Soup version 0.22-a0-601-gb0ed703ee0 (webtiles) character file.

88 PikkenKukken the Shield-Bearer (level 4, 0/35 HPs)
             Began as a Formicid Fighter on July 6, 2018.
             Succumbed to a gnoll's poison
             ... on level 3 of the Dungeon.
             The game lasted 00:03:06 (1591 turns).

PikkenKukken the Shield-Bearer (Formicid Fighter)   Turns: 1591, Time: 00:03:07

Health: 0/35       AC:  8    Str: 25    XL:     4   Next: 81%
Magic:  4/4        EV:  9    Int:  8    God:
Gold:   95         SH: 11    Dex: 11    Spells: 3/3 levels left

rFire    . . .     SeeInvis +   a - +1 war axe
rCold    . . .     Gourm    .   c - +1 shield
rNeg     . . .     Faith    .   b - +0 scale mail
rPois    .         Spirit   .   (helmet unavailable)
rElec    .         Reflect  .   (no cloak)
rCorr    .         Harm     .   (no gloves)
MR       .....                  n - +0 pair of boots
Stlth    ..........             (no amulet)
HPRegen  0.11/turn              (no ring)
MPRegen  0.09/turn              (no ring)

@: mighty, lethally poisoned (0 -> -11)
A: permanent stasis, dig shafts and tunnels, four strong arms, antennae 3
a: Dig, Shaft Self


You were on level 3 of the Dungeon.
You were not hungry.

You visited 1 branch of the dungeon, and saw 3 of its levels.

You collected 95 gold pieces.

Inventory:

Hand Weapons
 a - a +1 war axe (weapon)
Missiles
 l - 22 arrows
Armour
 b - a +0 scale mail (worn)
 c - a +1 shield (worn)
 n - a +0 pair of boots (worn)
Scrolls
 m - a scroll of enchant weapon
Potions
 e - 2 potions of agility {unknown}
 g - a potion of curing {unknown}
 h - a potion of resistance {unknown}
 i - a potion of ambrosia {unknown}
 k - 2 potions of magic {unknown}
Comestibles
 f - 2 rations
 j - 3 chunks of flesh


   Skills:
 + Level 3.5 Fighting
 + Level 2.8 Axes
 + Level 3.8 Armour
 * Level 1.6 Dodging
 + Level 4.2 Shields


You had 3 spell levels left.
You didn't know any spells.
Your spell library was empty.

Dungeon Overview and Level Annotations

Branches:
Dungeon (3/15)

Altars:
Ashenzari
Elyvilon


Innate Abilities, Weirdness & Mutations

You cannot be hasted, slowed, berserked, paralysed or teleported.
You can dig through walls and to a lower floor.
Your four strong arms can wield two-handed weapons with a shield.
You have a pair of large antennae on your head. (SInv)


Message History

You are lethally poisoned!
Your shield and scale mail prevent you from hitting the gnoll.
The gnoll is heavily wounded.
You slash the gnoll!
You kill the gnoll!
* * * LOW HITPOINT WARNING * * *
You feel sick. The gnoll closely misses you.
You slash the gnoll!
You kill the gnoll!
Your shield prevents you from hitting the gnoll.
* * * LOW HITPOINT WARNING * * *
You feel sick. The gnoll hits you.
* * * LOW HITPOINT WARNING * * *
Unknown command.
You barely miss the gnoll.
* * * LOW HITPOINT WARNING * * *
You feel sick. The gnoll closely misses you.
The gnoll hits you but does no damage.
You closely miss the gnoll.
You die...

#########.# #.###
#.# .... #.# ..# ##
#.#######..#
.########..........#
...........).......#
.###############.#.#
.# #.# # .# #@# .#
#)g# .# #.#.# .#
...... .# ... .## ..
......# ..... .
.........


You could see a gnoll.

Vanquished Creatures
  3 gnolls (D:3)
  An adder (D:2)
  An ooze (D:1)
  2 worms (D:2)
  2 leopard geckos
  A ball python (D:1)
  4 bats
  2 giant cockroaches (D:1)
  3 goblins
  4 hobgoblins
  9 kobolds
  4 frilled lizards
  4 rats
40 creatures vanquished.

Notes
Turn   | Place    | Note
-------+----------+-------------------------------------------
     0 | D:1      | PikkenKukken the Formicid Fighter began the quest for the Orb.
     0 | D:1      | Reached XP level 1. HP: 18/18 MP: 1/1
    62 | D:1      | Reached XP level 2. HP: 16/24 MP: 2/2
   488 | D:1      | Reached skill level 4 in Shields
   488 | D:1      | Reached XP level 3. HP: 25/29 MP: 3/3
   522 | D:1      | Reached skill level 1 in Dodging
   820 | D:2      | Found a shattered altar of Ashenzari.
  1414 | D:2      | Reached XP level 4. HP: 29/35 MP: 4/4
  1528 | D:3      | Found a white marble altar of Elyvilon.
  1591 | D:3      | Succumbed to a gnoll's poison

Vault maps used:
D:1:      dpeg_arrival_water_temple_mockup
D:2:      nicolae_overflow_hidden_temple
D:3:      overflow_temple_1_default, led_sif_book, gup_sewer_entry_bubbles,
          minmay_misc_feat_chi, hangedman_decor_push, uniq_terence

Skill      XL: |  1  2  3 |
---------------+----------+-----
Shields        | 4 |  4.2
Dodging        | 1 |  1.6
Fighting       | |  3.5
Axes           | |  2.8
Armour         | |  3.8

Action                   |  1- 3 |  4- 6 || total
-------------------------+-------+-------++-------
Melee: War axe           |   103 |    24 ||   127
  Use: Scroll            |     3 |       ||     3
       Potion            |       |     1 ||     1
  Eat: Chunk             |     2 |       ||     2
Armor: Scale mail        |    40 |     5 ||    45
Dodge: Dodged            |    27 |    13 ||    40
Block: Shield            |    60 |    20 ||    80

Table legend:
 A = Spawn XP
 B = Non-spawn XP
 C = Spawn XP percentage of total XP
 D = Spawn monster count
 E = Non-spawn monster count
 F = Spawn count percentage of total count
 G = Total turns spent on level
                    A         B        C        D         E        F      G
               +---------+---------+-------+---------+---------+-------+---------
         Total |       0 |     126 |   0.0 |       0 |      40 |   0.0 |  1591
               +---------+---------+-------+---------+---------+-------+---------
           D:1 |       0 |      35 |   0.0 |       0 |      19 |   0.0 |   771
           D:2 |       0 |      38 |   0.0 |       0 |      13 |   0.0 |   721
           D:3 |       0 |      53 |   0.0 |       0 |       8 |   0.0 |    99
               +---------+---------+-------+---------+---------+-------+---------
